Description

This build starts with a standard, passive opening that is intended to safely defend against standard aggression. Make sure you're scouting so you can Drone as much as possible. Follow that up with a fast Spire to get about 8 Brood Lords around 10:30.

VOD

https://youtu.be/a23KH4gVFt0?t=969

Replay - 1 PvZ - [SpIyce]Stats vs [ASTsc]soO - Stasis LE

Build Order

Get SALT Encoding   

  12  0:00  Drone  
  13  0:12  Overlord  
  13  0:17  Drone  
  14  0:30  Drone x2  
  16  0:49  Hatchery  
  15  0:52  Drone x2  
  17  1:00  Drone  
  18  1:10  Extractor  
  17  1:15  Spawning Pool  
  17  1:18  Drone  
  17  1:26  Drone x2  
  20  1:49  Overlord  
  20  2:01  Queen x2  
  20  2:03  Zergling x2  
  26  2:10  Metabolic Boost  
  30  2:40  Hatchery  
  31  2:46  Zergling x2  
  33  2:55  Overlord  
  33  2:59  Queen  
  36  3:15  Overlord  
  43  3:28  Overlord  
  44  3:40  Queen  
  47  3:45  Spore Crawler  
  47  3:53  Zergling x4  
  51  4:00  Queen  
  57  4:10  Spore Crawler  
  57  4:22  Lair  
  58  4:25  Extractor x2  
  61  4:36  Spore Crawler  
  64  4:45  Roach Warren  
  63  4:51  Zergling x2  
  67  5:04  Extractor  
  70  5:25  Roach x7  
  86  5:29  Glial Reconstitution  
  86  5:54  Extractor  
  86  5:55  Hydralisk Den, Evolution Chamber  
  91  6:02  Roach x2  
  96  6:13  Hatchery  
  96  6:15  Overseer  
  95  6:27  Grooved Spines, Zerg Missile Weapons Level 1  
  95  6:29  Pneumatized Carapace  
  95  6:36  Hatchery  
  95  6:38  Hydralisk x7  
  108  6:58  Extractor  
  110  7:11  Queen  
  110  7:13  Infestation Pit  
  112  7:15  Hydralisk x3  
  128  7:42  Overseer  
  128  7:46  Muscular Augments  
  128  7:49  Extractor x2  
  131  8:03  Roach  
  139  8:06  Hive  
  139  8:15  Spire  
  150  8:31  Zerg Missile Weapons Level 2  
  150  8:40  Hatchery  
  167  9:31  Greater Spire, Corruptor x4  
  171  9:38  Corruptor x5  
  181  9:48  Spine Crawler x3  
  178  10:06  Spine Crawler x3  
  176  10:34  Extractor x2  
  177  10:43  Brood Lord x9  
  195  10:58  Spore Crawler x2  
  193  11:10  Corruptor  
  195  11:45  Zergling x2  
Spawning Tool Build Advisor. Get it on Overwolf

Analysis

Make sure you scout early (especially with Overlords) so that you know what sort of aggression to expect. The gold standard of aggression you will see from Protoss includes:

  1. 1 or 2 Adepts
  2. Phoenix into Oracle
  3. Archon Drops
  4. Storm
  5. Archon Immortal Zealot

However, if the Protoss goes for a slightly different type of aggression, you will need to adapt depending on small variations. soO keeps Zerglings and Overlords across the map for vision on the 4th base to figure out what the Protoss strategy is.

Go for the Hydralisk Den and Evolution Chamber around 6:30 with 3 base saturation. Follow that up with an Infestation Pit around 7:00. After that, you can focus on unit production, and you can pressure expansions when you get a chance.

The timing for later builds probably depends on the feel of the game and what has happened.

When you get the Brood Lords, you can go for a big push before they get too many Tempests.

Go to:

Details

  • Created by: lowkotv    
  • Published on: Dec 06, 2018
  • Modified on: Dec 07, 2018
  • Patch: 4.7.1
Show
View Real Time Build Order
Export as new Build Order

Comments (0)

There are no comments. Be the first!

Create an account to comment!